 Dungeon Crawl Stone Soup version 0.17.0-15-g6d90897 (webtiles) character file.

1532 tp1 the Thaumaturge (level 8, -13/41 HPs)
             Began as a Deep Elf Conjurer on Nov 10, 2015.
             Was a Believer of Vehumet.
             Mangled by an orc warrior
             ... wielding a +0 flail
              (16 damage)
             ... on level 6 of the Dungeon.
             The game lasted 00:33:13 (6272 turns).

tp1 the Thaumaturge (Deep Elf Conjurer)             Turns: 6272, Time: 00:33:14

Health: -13/41     AC:  3    Str:  5    XL:     8   Next: 55%
Magic:  17/23      EV: 13    Int: 25    God:    Vehumet [**....]
Gold:   476        SH:  0    Dex: 15    Spells: 3 memorised, 17 levels left

rFire  . . .     SeeInvis .     L - +2 war axe (venom)
rCold  . . .     Clarity  .     a - +0 robe
rNeg   . . .     SustAt   .     (no shield)
rPois  .         Gourm    .     (no helmet)
rElec  .         Spirit   .     O - +0 cloak
rCorr  .         Warding  .     (no gloves)
rMut   .         Stasis   .     (no boots)
MR     .....                    (no amulet)
Stlth  +.........               (no ring)
                                x - +2 ring of intelligence

@: confused, not resistant to hostile enchantments, very unstealthy
A: no striking features
a: Renounce Religion


You were on level 6 of the Dungeon.
You worshipped Vehumet.
Vehumet was pleased with you.
You were very hungry.

You visited 2 branches of the dungeon, and saw 7 of its levels.
You also visited: Sewer and Ossuary.

You collected 476 gold pieces.

Inventory:

Hand Weapons
 d - a +0 dagger
 e - a +0 short sword
 k - a +1 dagger of venom
 p - a +0 trident of piercing
 F - the +12 mace "Neroh" {vamp, rF+, unknown}
   (You took it off a gnoll on level 6 of the Dungeon)

   It inflicts no extra harm, but heals its wielder somewhat when it strikes a
   living foe.
   It protects you from fire.
 H - a +1 halberd of flaming
 L - a +2 war axe of venom (weapon)
Armour
 a - a +0 robe (worn)
 O - a +0 cloak (worn)
Jewellery
 x - a +2 ring of intelligence (left hand)
 E - a cursed amulet of inaccuracy {unknown}
Wands
 v - a wand of teleportation (2)
 G - a wand of enslavement (13)
Scrolls
 h - 2 scrolls of enchant weapon {unknown}
 n - a scroll of immolation {unknown}
 o - a scroll of recharging {unknown}
 q - a scroll of enchant armour {unknown}
 s - 5 scrolls of identify {unknown}
 w - a scroll of remove curse {unknown}
 y - a scroll of random uselessness {unknown}
Potions
 g - 2 potions of brilliance {unknown}
 i - a potion of lignification {unknown}
 j - a potion of magic {unknown}
 l - 3 potions of mutation {unknown}
 r - a potion of degeneration
 u - 4 potions of curing
 z - 4 potions of might {unknown}
 A - 3 potions of flight
 B - a potion of heal wounds {unknown}
 C - a potion of invisibility {unknown}
 I - a potion of berserk rage {unknown}
 J - a potion of agility
 K - 2 potions of resistance {unknown}
Books
 b - a book of Conjurations

   Spells                             Type                      Level
   a - Magic Dart                     Conjuration                  1
   b - Searing Ray                    Conjuration                  2
   c - Dazzling Spray                 Conjuration/Hexes            3
   d - Fulminant Prism                Conjuration/Hexes            4
   e - Iskenderun's Mystic Blast      Conjuration                  4
   f - Iskenderun's Battlesphere      Conjuration/Charms           5
 D - a book of Geomancy

   Spells                             Type                      Level
   a - Sandblast                      Earth                        1
   b - Stoneskin                      Transmutation/Earth          2
   c - Passwall                       Transmutation/Earth          3
   d - Stone Arrow                    Conjuration/Earth            3
   e - Petrify                        Transmutation/Earth          4
   f - Lee's Rapid Deconstruction     Earth                        5
 M - a book of Minor Magic

   Spells                             Type                      Level
   a - Magic Dart                     Conjuration                  1
   b - Blink                          Translocation                2
   c - Call Imp                       Summoning                    2
   d - Repel Missiles                 Charms/Air                   2
   e - Slow                           Hexes                        2
   f - Conjure Flame                  Conjuration/Fire             3
   g - Mephitic Cloud                 Conjuration/Poison/Air       3
Comestibles
 c - 5 bread rations
 f - 3 beef jerkies
 m - 3 fruits
 t - 3 meat rations


   Skills:
 - Level 2.4 Dodging
 - Level 2.4 Stealth
 + Level 9.0 Spellcasting
 - Level 8.1 Conjurations
 - Level 8.3 Charms


You had 17 spell levels left.
You knew the following spells:

 Your Spells              Type           Power        Failure   Level  Hunger
a - Magic Dart            Conj           ####         1%          1    None
b - Searing Ray           Conj           ######       1%          2    None
d - Iskenderun's Battles  Conj/Chrm      ######..     8%          5    ####...


Dungeon Overview and Level Annotations

Branches:
Dungeon (6/15)             Temple (1/1) D:4

Altars:
Dithmenos
Fedhas
Makhleb
Nemelex Xobeh
Okawaru
Qazlal
Ru
Sif Muna
Trog
Vehumet
Yredelemnul
Zin
The Shining One

Shops:
D:4 :   D:5 %


Message History

The orc warrior misses you.
The orc warrior zaps a wand.
You easily resist.
The orc priest misses you. The orc warrior completely misses you.
The orc priest hits you but does no damage.
The orc priest hits you but does no damage.
The orc warrior hits you with a flail. The orc priest barely misses you.
The orc warrior zaps a wand.
You easily resist.
The orc priest closely misses you.
The orc warrior zaps a wand.
You are more confused.
The orc priest invokes the aid of Beogh against you.
Something smites you! The orc warrior hits you with a flail!
* * * LOW HITPOINT WARNING * * *
The orc priest hits you.
* * * LOW HITPOINT WARNING * * *
The orc warrior zaps a wand.
You easily resist.
The orc priest closely misses you.
The orc warrior zaps a wand.
You easily resist.
The orc priest barely misses you. The orc warrior hits you with a flail!
You die...

## ###'##.... # .. #.##.... # .#
#.####.##.... # ..#
######.#....##.... # ...#.
...##.#.#### #### #
....#..#####.##.#.#########
#####...o.>...<...*...#.##.......
[...[..........oo........'.......
#####...... #@.......##.......
..... ##..#.....#....... ....
####.#.....#....... ...
#....(.....###'#### ..
#.##.......# #.# . #.###......#
#.# #.# #......###.#
###'###.......##.#
##########.............##.#


You could see an orc warrior and an orc priest.

Vanquished Creatures
  4 ice beasts
  An ogre (D:4)
  2 centaurs
  A big kobold (Sewer)
  A giant frog (D:5)
  3 water moccasin zombies (Ossuary)
  3 crimson imps
  A centaur skeleton (D:5)
  2 orc priests (D:6)
  Crazy Yiuf (D:6)
  Jessica (D:2)
  Natasha (thrice) (D:3)
  A worker ant (D:4)
  3 big kobold zombies (Ossuary)
  2 mummies (Ossuary)
  3 gnolls (D:6)
  7 adders
  A shadow imp (D:5)
  An ooze (D:3)
  2 adder zombies (Ossuary)
  2 worms (D:3)
  An adder skeleton (D:5)
  4 orcs (D:6)
  2 ball pythons
  8 bats
  6 giant cockroaches
  10 goblins
  9 hobgoblins
  8 jackals
  10 kobolds
  7 giant geckos
  9 giant newts
  7 hobgoblin zombies (Ossuary)
  4 kobold zombies (Ossuary)
  4 orc zombies (Ossuary)
  10 rats
144 creatures vanquished.

Notes
Turn   | Place    | Note
--------------------------------------------------------------
     0 | D:1      | tp1 the Deep Elf Conjurer began the quest for the Orb.
     0 | D:1      | Reached XP level 1. HP: 10/10 MP: 6/6
   202 | D:1      | Reached XP level 2. HP: 15/15 MP: 6/8
   206 | D:1      | Learned a level 2 spell: Searing Ray
   220 | D:1      | Reached skill level 5 in Conjurations
   685 | D:2      | Noticed Jessica
   716 | D:2      | Killed Jessica
   716 | D:2      | Reached XP level 3. HP: 16/19 MP: 2/9
   890 | D:2      | Reached skill level 6 in Conjurations
  1113 | D:2      | Reached XP level 4. HP: 24/24 MP: 6/10
  2158 | D:3      | Found a sparkling altar of Nemelex Xobeh.
  2312 | D:3      | Found a stormy altar of Qazlal.
  2494 | D:3      | Found an iron altar of Okawaru.
  2495 | D:3      | Noticed Natasha
  2502 | D:3      | Killed Natasha
  2726 | D:3      | Reached XP level 5. HP: 28/28 MP: 7/14
  2733 | D:3      | Learned a level 5 spell: Iskenderun's Battlesphere
  2777 | D:3      | Reached skill level 5 in Spellcasting
  2794 | D:3      | Found a faded altar to an unknown god.
  2874 | D:3      | Reached skill level 1 in Charms
  2906 | D:3      | Noticed Natasha
  2909 | D:3      | Killed Natasha
  3088 | D:3      | Noticed Natasha
  3090 | D:3      | Killed Natasha
  3247 | D:4      | Found a bloodstained altar of Trog.
  3264 | D:4      | Found a staircase to the Ecumenical Temple.
  3273 | Temple   | Entered the Ecumenical Temple
  3280 | Temple   | Became a worshipper of Vehumet
  3356 | D:4      | Found Ytium's Book Shop.
  3415 | D:4      | Found a glowing drain.
  3429 | Sewer    | Entered a sewer
  3578 | Sewer    | Reached XP level 6. HP: 28/32 MP: 1/15
  3700 | Sewer    | Found a glowing silver altar of Zin.
  3916 | D:4      | Reached skill level 5 in Charms
  3999 | D:4      | Noticed an ogre
  4006 | D:4      | Killed an ogre
  4248 | D:5      | Entered Level 5 of the Dungeon
  4351 | D:5      | Found Riutealec's Food Shoppe.
  4356 | D:5      | Reached skill level 7 in Charms
  4511 | D:5      | Reached skill level 8 in Charms
  4511 | D:5      | Reached XP level 7. HP: 33/36 MP: 4/16
  4779 | D:5      | Reached * piety under Vehumet
  4779 | D:5      | Offered knowledge of Freeze by Vehumet.
  5143 | D:6      | Reached XP level 8. HP: 17/41 MP: 6/19
  5289 | D:6      | Got a polished mace {vamp}
  5410 | D:6      | Found a sand-covered staircase.
  5430 | Ossuary  | Entered an ossuary
  5796 | Ossuary  | Reached ** piety under Vehumet
  5796 | Ossuary  | Offered knowledge of Throw Frost by Vehumet.
  6164 | D:6      | Noticed Crazy Yiuf
  6167 | D:6      | Killed Crazy Yiuf
  6167 | D:6      | Reached skill level 9 in Spellcasting
  6272 | D:6      | Mangled by an orc warrior

Action                   |  1- 3 |  4- 6 |  7- 9 || total
-------------------------+-------+-------+-------++-------
Melee: Dagger            |       |     3 |     5 ||     8
 Cast: Magic Dart        |    50 |   133 |    59 ||   242
       Searing Ray       |     1 |     8 |    12 ||    21
       Iskenderun's Batt |       |     3 |    16 ||    19
  Use: Potion            |       |     2 |       ||     2
  Eat: Chunk             |       |     6 |     5 ||    11
       Meat ration       |       |     1 |       ||     1
       Fruit             |       |       |     4 ||     4
